[Event "Rated Blitz game"]
[Site "?"]
[Date "2021.06.23"]
[Round "?"]
[White "khalid_ontawar"]
[Black "oj_ossa"]
[Result "0-1"]
[ECO "C46"]
[WhiteElo "2486"]
[BlackElo "2455"]
[PlyCount "142"]
[EventDate "2021.??.??"]
[EventType "blitz"]
[TimeControl "180"]

1. e4 e5 2. Nc3 Nc6 3. Nf3 Nf6 4. Nxe5 Nxe5 5. d4 Ng6 6. e5 Ng8 7. Bc4 Bb4 8.
Qf3 d5 9. Bxd5 Be6 10. Bxb7 Rb8 11. Bc6+ Kf8 12. Be3 N8e7 13. Be4 Nd5 14. O-O
Nxc3 15. bxc3 Bxc3 16. Rad1 Qd7 17. d5 Bg4 18. Bc5+ Kg8 19. Qxc3 Bxd1 20. Rxd1
Qg4 21. Bf3 Qg5 22. Bd4 h5 23. Qxc7 Re8 24. e6 Re7 25. Qc4 fxe6 26. dxe6 Kh7
27. Bc5 Rc7 28. Rd5 Qc1+ 29. Bd1 Nf4 30. g3 Nxd5 31. Qxd5 Rxc5 32. Qd3+ g6 33.
e7 Re8 34. Qd7 Rcc8 35. Kg2 Qg5 36. Bf3 Qxe7 37. Qd3 Qc5 38. c4 Rc7 39. Bd5 Rf8
40. Qe2 Re7 41. Qc2 Qd4 42. h4 Qe5 43. Qd3 Qe2 44. Qd4 Qe5 45. Qc5 Rf6 46. a4
Rg7 47. Bg8+ Rxg8 48. Qxe5 Rg7 49. Qe4 Rf5 50. Qd4 Rgf7 51. c5 Rc7 52. Qd6 Rff7
53. c6 Rfe7 54. a5 Rf7 55. a6 Rfe7 56. f4 Rf7 57. Kf3 Rce7 58. g4 hxg4+ 59.
Kxg4 Re4 60. Kg5 Rc4 61. Qxg6+ Kh8 62. Qxf7 Rc5+ 63. Kg4 Rxc6 64. Qf5 Kg7 65.
Qh5 Rg6+ 66. Qg5 Rxg5+ 67. Kxg5 Kf7 68. h5 Kg7 69. h6+ Kh7 70. Kh5 Kh8 71. f5
Kh7 {Time forfeit} 0-1

[Event "Rated Blitz game"]
[Site "?"]
[Date "2021.06.23"]
[Round "?"]
[White "forbiddencheapos"]
[Black "Fairy_ChessPlayer"]
[Result "1-0"]
[ECO "C46"]
[WhiteElo "2404"]
[BlackElo "2320"]
[PlyCount "71"]
[EventDate "2021.??.??"]
[EventType "blitz"]
[TimeControl "300"]

1. e4 e5 2. Nf3 Nc6 3. Nc3 Nf6 4. Nxe5 Nxe5 5. d4 Nc6 6. d5 Nb8 7. e5 Ng8 8. d6
Nc6 9. Nb5 Qh4 10. Nxc7+ Kd8 11. Nxa8 Nxe5 12. Nc7 Qb4+ 13. c3 Qxd6 14. Qxd6
Bxd6 15. Nb5 Bb8 16. Be3 a6 17. Bb6+ Ke7 18. Nd4 d5 19. Be2 Bd6 20. O-O-O Nf6
21. Rhe1 Be6 22. f4 Nc6 23. f5 Nxd4 24. Bxd4 Bxf5 25. Bxa6+ Be6 26. Bxb7 Bxh2
27. Bxf6+ Kxf6 28. Bxd5 Bf5 29. Be4 Bg4 30. Rf1+ Kg5 31. Rxf7 g6 32. Rd5+ Kh4
33. a4 Bh5 34. a5 g5 35. Rxh7 Rxh7 36. Bxh7 {Normal} 1-0

[Event "Rated Blitz game"]
[Site "?"]
[Date "2021.06.23"]
[Round "?"]
[White "TigerShark888"]
[Black "peppie23"]
[Result "1-0"]
[ECO "C46"]
[WhiteElo "2583"]
[BlackElo "2591"]
[PlyCount "57"]
[EventDate "2021.??.??"]
[EventType "blitz"]
[TimeControl "180"]

1. e4 e5 2. Nf3 Nc6 3. Nc3 Nf6 4. Nxe5 Nxe5 5. d4 Nc6 6. d5 Ne5 7. f4 Bd6 8.
fxe5 Bxe5 9. Bd3 d6 10. O-O O-O 11. h3 Re8 12. Bf4 Bd7 13. Qd2 Qe7 14. Rae1 a6
15. b3 Bxf4 16. Qxf4 Qe5 17. Qd2 c6 18. Kh1 Rac8 19. dxc6 Bxc6 20. Ne2 d5 21.
Rf5 Nxe4 22. Bxe4 Qxe4 23. Rff1 Bb5 24. Nd4 Bxf1 25. Rxe4 Rxe4 26. Nf5 Rce8 27.
Qg5 g6 28. Nd6 R4e5 29. Qf6 {Normal} 1-0

[Event "Rated Blitz game"]
[Site "?"]
[Date "2021.06.23"]
[Round "?"]
[White "TigerShark888"]
[Black "Next_Touch"]
[Result "1-0"]
[ECO "C46"]
[WhiteElo "2618"]
[BlackElo "2710"]
[PlyCount "31"]
[EventDate "2021.??.??"]
[EventType "blitz"]
[TimeControl "180"]

1. e4 e5 2. Nf3 Nc6 3. Nc3 Nf6 4. Nxe5 Nxe5 5. d4 Bd6 6. dxe5 Bxe5 7. Bd3 d5 8.
Nxd5 Nxd5 9. exd5 Qxd5 10. O-O Be6 11. Qe2 O-O-O 12. Be3 Bd4 13. Rad1 Bxe3 14.
Qxe3 Kb8 15. Be2 Qxa2 16. Ra1 {Normal} 1-0

[Event "Rated Blitz game"]
[Site "?"]
[Date "2021.06.23"]
[Round "?"]
[White "khalid_ontawar"]
[Black "Swordoftheword16"]
[Result "1-0"]
[ECO "C46"]
[WhiteElo "2472"]
[BlackElo "2585"]
[PlyCount "35"]
[EventDate "2021.??.??"]
[EventType "blitz"]
[TimeControl "180"]

1. e4 e5 2. Nc3 Nf6 3. Nf3 Nc6 4. Nxe5 Nxe5 5. d4 Ng6 6. e5 Ng8 7. Bc4 d5 8.
Bxd5 Bb4 9. Qf3 Bxc3+ 10. bxc3 Qe7 11. a4 Qd7 12. O-O Nh6 13. Bxh6 gxh6 14. e6
Qe7 15. exf7+ Kf8 16. Rfe1 Qd6 17. Re8+ Kg7 18. Rg8+ {Normal} 1-0

[Event "Rated Blitz game"]
[Site "?"]
[Date "2021.06.23"]
[Round "?"]
[White "Snowvaz"]
[Black "Takacsbl"]
[Result "0-1"]
[ECO "C46"]
[WhiteElo "2439"]
[BlackElo "2552"]
[PlyCount "102"]
[EventDate "2021.??.??"]
[EventType "blitz"]
[TimeControl "180"]

1. e4 e5 2. Nc3 Nf6 3. Nf3 Nc6 4. Nxe5 Nxe5 5. d4 Ng6 6. e5 Be7 7. exf6 Bxf6 8.
Bc4 c6 9. d5 O-O 10. O-O b5 11. Bb3 a5 12. a4 Bxc3 13. bxc3 bxa4 14. Rxa4 Ba6
15. Re1 Bb5 16. Rd4 a4 17. Ba2 c5 18. Rde4 d6 19. c4 Bd7 20. c3 Qf6 21. R4e3
Rfe8 22. Ba3 Rxe3 23. Rxe3 Re8 24. Rxe8+ Bxe8 25. Qe1 Qe5 26. Qxe5 Nxe5 27. f4
Ng4 28. Bc1 f5 29. Bb1 g6 30. h3 Nf6 31. Kf2 Kf7 32. Ke3 Bd7 33. Ba3 Ke7 34.
Kf3 h5 35. g3 Ne8 36. Bc2 Nc7 37. Ke3 Na8 38. Kf3 Nb6 39. Bd3 Bc8 40. Ke3 Ba6
41. g4 hxg4 42. hxg4 Bxc4 43. gxf5 Nxd5+ 44. Kd2 Bxd3 45. Kxd3 gxf5 46. Kc4
Nxf4 47. Kb5 Ke6 48. Kxa4 Nh3 49. Kb5 f4 50. Bc1 f3 51. Be3 f2 {Time forfeit}
0-1

[Event "Rated Blitz game"]
[Site "?"]
[Date "2021.06.23"]
[Round "?"]
[White "forbiddencheapos"]
[Black "onatog"]
[Result "1-0"]
[ECO "C46"]
[WhiteElo "2357"]
[BlackElo "2530"]
[PlyCount "129"]
[EventDate "2021.??.??"]
[EventType "blitz"]
[TimeControl "300"]

1. e4 e5 2. Nf3 Nc6 3. Nc3 Nf6 4. Nxe5 Nxe5 5. d4 Ng6 6. e5 Ng8 7. Bc4 Bb4 8.
Qf3 Bxc3+ 9. bxc3 Qe7 10. O-O d5 11. Bxd5 Nh6 12. a4 Bg4 13. Qe4 f5 14. exf6
Qxe4 15. Bxe4 O-O 16. fxg7 Kxg7 17. Bxb7 Rae8 18. h3 Be6 19. f4 Bc4 20. Rf2
Re1+ 21. Kh2 Nf5 22. g4 Nd6 23. Bg2 Rfe8 24. Bb2 Rxa1 25. Bxa1 Rb8 26. f5 Nf8
27. Bf1 Rb1 28. Bxc4 Nxc4 29. Re2 Kf7 30. g5 Rxa1 31. h4 Rxa4 32. h5 Nd6 33.
g6+ Kf6 34. g7 Kxg7 35. Re7+ Kf6 36. Rxc7 Kxf5 37. Rc6 Ke6 38. Rc8 Nd7 39. Rh8
Nf6 40. Ra8 Ra5 41. h6 Kf5 42. Kg3 Ra3 43. Kf2 Nde4+ 44. Ke2 Nxc3+ 45. Kd2
Nfe4+ 46. Kc1 Na4 47. Kd1 Ra1+ 48. Ke2 Nb6 49. Rb8 Ke6 50. Kd3 Kd5 51. Rd8+ Nd6
52. Rh8 Nbc4 53. Rxh7 Ra3+ 54. Ke2 Rc3 55. Rg7 a5 56. h7 Rxc2+ 57. Kd1 Rh2 58.
Ra7 Kxd4 59. Kc1 Kc3 60. Kd1 Ne4 61. Ke1 Kd3 62. Rd7+ Ke3 63. Kd1 Rh1+ 64. Kc2
Ne5 65. Rg7 {Time forfeit} 1-0

[Event "Rated Blitz game"]
[Site "?"]
[Date "2021.06.22"]
[Round "?"]
[White "khalid_ontawar"]
[Black "RangyAngularity"]
[Result "0-1"]
[ECO "C46"]
[WhiteElo "2480"]
[BlackElo "2423"]
[PlyCount "146"]
[EventDate "2021.??.??"]
[EventType "blitz"]
[TimeControl "180"]

1. e4 e5 2. Nc3 Nf6 3. Nf3 Nc6 4. Nxe5 Nxe5 5. d4 Ng6 6. e5 Ng8 7. Bc4 d5 8.
Bxd5 c6 9. Bb3 Bb4 10. Qf3 Be6 11. O-O Qxd4 12. Be3 Qxe5 13. Rfe1 Qf6 14. Qe4
Bxc3 15. bxc3 N8e7 16. Bd4 Qf5 17. Bxg7 Rg8 18. Qxf5 Bxf5 19. Bf6 Rd8 20. Re3
Rd6 21. Bxe7 Nxe7 22. Rae1 Rd7 23. f3 h5 24. Re5 Kf8 25. Kf2 Bg6 26. g4 Rd2+
27. Kg3 Nd5 28. c4 Nf6 29. c5 hxg4 30. fxg4 Bxc2 31. h3 Bxb3 32. axb3 Nd5 33.
Re8+ Kg7 34. Rxg8+ Kxg8 35. h4 Rd3+ 36. Kg2 Rxb3 37. h5 Ne3+ 38. Kh2 Nxg4+ 39.
Kg2 Kg7 40. Re7 Nf6 41. h6+ Kg6 42. Rc7 a5 43. Kf2 a4 44. Rc8 a3 45. Ra8 Ne4+
46. Ke2 Nxc5 47. Kd2 Kxh6 48. Kc2 b5 49. Rh8+ Kg7 50. Rh5 Rb2+ 51. Kc3 Na4+ 52.
Kd4 a2 53. Rh1 Rb1 54. Rh2 a1=Q+ 55. Ke4 Re1+ 56. Kf3 Qe5 57. Rg2+ Kf8 58. Rg4
Re3+ 59. Kf2 Re2+ 60. Kf1 Qe3 61. Rg2 Rxg2 62. Kxg2 Qd2+ 63. Kf3 b4 64. Ke4 b3
65. Ke5 b2 66. Ke4 b1=Q+ 67. Ke5 c5 68. Kf6 c4 69. Ke5 c3 70. Kf6 Qbe1 71. Kf5
Qdf2+ 72. Kg4 Qeg1+ 73. Kh3 Qfh2# {Normal} 0-1

[Event "Rated Blitz game"]
[Site "?"]
[Date "2021.06.22"]
[Round "?"]
[White "Randomchel123"]
[Black "sewin16"]
[Result "0-1"]
[ECO "C46"]
[WhiteElo "2591"]
[BlackElo "2492"]
[PlyCount "66"]
[EventDate "2021.??.??"]
[EventType "blitz"]
[TimeControl "180"]

1. e4 e5 2. Nf3 Nc6 3. Nc3 Nf6 4. Nxe5 Nxe5 5. d4 Nc6 6. d5 Bb4 7. dxc6 Nxe4 8.
Qd4 Qe7 9. Be3 O-O 10. Bd3 Nxc3 11. bxc3 Bd6 12. cxb7 Bxb7 13. Rb1 Bc6 14. O-O
Be5 15. Qg4 g6 16. Bh6 f5 17. Qc4+ Rf7 18. Qb3 Qh4 19. f4 Qxh6 20. fxe5 Qe3+
21. Kh1 Qxe5 22. Rfe1 Qc5 23. Red1 Kg7 24. c4 Re8 25. Qc3+ Qe5 26. Qd2 Rfe7 27.
h3 Qg3 28. Kg1 Re2 29. Qxe2 Rxe2 30. Be4 Bxe4 31. Rxd7+ Kh6 32. Rxh7+ Kxh7 33.
Rb6 Qxg2# {Normal} 0-1

[Event "Rated Blitz game"]
[Site "?"]
[Date "2021.06.22"]
[Round "?"]
[White "khalid_ontawar"]
[Black "CryptoHyppo"]
[Result "1-0"]
[ECO "C46"]
[WhiteElo "2467"]
[BlackElo "2488"]
[PlyCount "53"]
[EventDate "2021.??.??"]
[EventType "blitz"]
[TimeControl "180"]

1. e4 e5 2. Nc3 Nf6 3. Nf3 Nc6 4. Nxe5 Nxe5 5. d4 Ng6 6. e5 Ng8 7. Bc4 d5 8.
Bxd5 N8e7 9. Bb3 Nf5 10. Be3 Be7 11. g4 Nfh4 12. Qe2 Ng2+ 13. Kd2 O-O 14. h4
N2xh4 15. Rag1 Nxe5 16. Kc1 Neg6 17. f4 Re8 18. f5 Bg5 19. fxg6 Rxe3 20. gxf7+
Kf8 21. Kb1 Rxe2 22. Nxe2 Qd6 23. d5 Kxf7 24. Ng3 Kg8 25. Ne4 Qe5 26. Re1 Kh8
27. Nxg5 {Normal} 1-0

[Event "Rated Blitz game"]
[Site "?"]
[Date "2021.06.22"]
[Round "?"]
[White "khalid_ontawar"]
[Black "Edelson"]
[Result "0-1"]
[ECO "C46"]
[WhiteElo "2487"]
[BlackElo "2427"]
[PlyCount "42"]
[EventDate "2021.??.??"]
[EventType "blitz"]
[TimeControl "180"]

1. e4 e5 2. Nc3 Nf6 3. Nf3 Nc6 4. Nxe5 d5 5. d4 Nxe4 6. Nxc6 Nxc3 7. Nxd8 Nxd1
8. Nxf7 Nxf2 9. Nxh8 Nxh1 10. c4 Be6 11. cxd5 Bxd5 12. Bg5 Bb4+ 13. Kd1 Nf2+
14. Kc2 Kd7 15. Bh4 Ne4 16. a3 Bd6 17. g3 Rxh8 18. Bh3+ Be6 19. Bg2 Bf5 20. Rf1
Bg6 21. Kb3 Nd2+ {Normal} 0-1

[Event "Rated Blitz game"]
[Site "?"]
[Date "2021.06.22"]
[Round "?"]
[White "mincso"]
[Black "Benjie12"]
[Result "0-1"]
[ECO "C46"]
[WhiteElo "2443"]
[BlackElo "2362"]
[PlyCount "88"]
[EventDate "2021.??.??"]
[EventType "blitz"]
[TimeControl "180+2"]

1. e4 e5 2. Nf3 Nc6 3. Nc3 Nf6 4. Nxe5 Nxe5 5. d4 Nc6 6. d5 Nb8 7. e5 Ng8 8. d6
c6 9. Bc4 Qh4 10. Qe2 g6 11. O-O Bg7 12. f4 Nh6 13. Ne4 O-O 14. h3 b5 15. Bb3
Ba6 16. c3 Nf5 17. Be3 Nxe3 18. Qxe3 b4 19. c4 Bb7 20. c5 a5 21. Rae1 Ba6 22.
Rf3 Bb5 23. Ng5 Na6 24. f5 Bh6 25. Rg3 Bxg5 26. Rxg5 Kh8 27. Rg4 Qh5 28. Bc2
Rae8 29. Qg3 gxf5 30. Rg5 Qh6 31. Bxf5 Nxc5 32. Re3 Ne6 33. Rg4 Rg8 34. Kh2
Rxg4 35. Bxg4 Rg8 36. Rf3 Qg7 37. Qh4 Ng5 38. Re3 Ne6 39. Qh5 Qg6 40. Qh4 Qg5
41. Qf2 Rg7 42. Re4 b3 43. axb3 h5 44. Bf3 Nf4 {Time forfeit} 0-1

[Event "Rated Blitz game"]
[Site "?"]
[Date "2021.06.22"]
[Round "?"]
[White "khalid_ontawar"]
[Black "Jakob19"]
[Result "0-1"]
[ECO "C46"]
[WhiteElo "2469"]
[BlackElo "2563"]
[PlyCount "76"]
[EventDate "2021.??.??"]
[EventType "blitz"]
[TimeControl "180"]

1. e4 e5 2. Nf3 Nf6 3. Nc3 Nc6 4. Nxe5 Nxe5 5. d4 Ng6 6. e5 Ng8 7. Bc4 d5 8.
Bxd5 N8e7 9. Bc4 c6 10. O-O Be6 11. Bb3 Nf5 12. d5 cxd5 13. Nxd5 Bc5 14. c4 O-O
15. Qe2 Nd4 16. Qe4 Bf5 17. Qe3 b6 18. Re1 Nc2 19. Qf3 Nxa1 20. Qxf5 Nxb3 21.
axb3 Ne7 22. Qe4 Nxd5 23. cxd5 Qe7 24. Be3 Bxe3 25. Rxe3 Rfe8 26. f4 Rac8 27.
d6 Rc1+ 28. Kf2 Qh4+ 29. Rg3 Qxh2 30. d7 Qg1+ 31. Kf3 Qd1+ 32. Ke3 Qxd7 33. Kf3
Qd1+ 34. Ke3 Qe1+ 35. Kf3 Qxe4+ 36. Kxe4 g6 37. Rc3 Rxc3 38. bxc3 Kf8 {Normal}
0-1

[Event "Rated Blitz game"]
[Site "?"]
[Date "2021.06.22"]
[Round "?"]
[White "khalid_ontawar"]
[Black "Ellemerter"]
[Result "1-0"]
[ECO "C46"]
[WhiteElo "2472"]
[BlackElo "2446"]
[PlyCount "51"]
[EventDate "2021.??.??"]
[EventType "blitz"]
[TimeControl "180"]

1. e4 e5 2. Nc3 Nf6 3. Nf3 Nc6 4. Nxe5 Nxe5 5. d4 Nc6 6. d5 Nb8 7. e5 Ng8 8. d6
b6 9. Nb5 Na6 10. Bc4 Bb7 11. O-O Qh4 12. Qe2 O-O-O 13. Nxa7+ Kb8 14. Bxa6 Kxa7
15. Bxb7 Kxb7 16. g3 Qd4 17. dxc7 Kxc7 18. Be3 Qd5 19. Rfd1 Qc6 20. a4 Bb4 21.
c3 Be7 22. a5 Kb7 23. axb6 Nh6 24. Ra7+ Kb8 25. Rda1 Qe4 26. Qa6 {Normal} 1-0

[Event "Rated Blitz game"]
[Site "?"]
[Date "2021.06.22"]
[Round "?"]
[White "khalid_ontawar"]
[Black "Beastofuyo"]
[Result "0-1"]
[ECO "C46"]
[WhiteElo "2480"]
[BlackElo "2446"]
[PlyCount "40"]
[EventDate "2021.??.??"]
[EventType "blitz"]
[TimeControl "180"]

1. e4 e5 2. Nf3 Nc6 3. Nc3 Nf6 4. Nxe5 Nxe5 5. d4 Ng6 6. e5 Ng8 7. Bc4 d5 8.
Bxd5 N8e7 9. Bb3 Nf5 10. Be3 c5 11. g3 cxd4 12. g4 Nxe3 13. fxe3 Qh4+ 14. Kf1
Qh3+ 15. Kg1 Qxe3+ 16. Kg2 Nf4+ 17. Kf1 Qh3+ 18. Ke1 Bc5 19. Ne2 Ng2+ 20. Kf1
Ne3+ {Normal} 0-1

[Event "Rated Blitz game"]
[Site "?"]
[Date "2021.06.21"]
[Round "?"]
[White "KINCE-PRINCE"]
[Black "micfel"]
[Result "0-1"]
[ECO "C46"]
[WhiteElo "2295"]
[BlackElo "2436"]
[PlyCount "56"]
[EventDate "2021.??.??"]
[EventType "blitz"]
[TimeControl "180"]

1. e4 e5 2. Nf3 Nf6 3. Nc3 Nc6 4. Nxe5 Nxe5 5. d4 Ng6 6. e5 Ng8 7. Bc4 d5 8.
Bxd5 c6 9. Be4 Bb4 10. Qf3 N8e7 11. Bg5 Qxd4 12. Rd1 Qxe5 13. Bxe7 Qxe7 14. O-O
O-O 15. Rfe1 Qg5 16. Bxg6 hxg6 17. Re4 a5 18. Ne2 Bf5 19. Rf4 Bxc2 20. Rdd4
Rad8 21. h4 Qe7 22. h5 gxh5 23. Qxh5 Bg6 24. Qg4 Rxd4 25. Nxd4 Qe1+ 26. Kh2 Bd6
27. Nf3 Qxf2 28. Ne5 Bxe5 {Normal} 0-1

[Event "Rated Blitz game"]
[Site "?"]
[Date "2021.06.21"]
[Round "?"]
[White "lord_barre"]
[Black "Kastling"]
[Result "1-0"]
[ECO "C46"]
[WhiteElo "2407"]
[BlackElo "2400"]
[PlyCount "67"]
[EventDate "2021.??.??"]
[EventType "blitz"]
[TimeControl "180"]

1. e4 e5 2. Nf3 Nc6 3. Nc3 Nf6 4. Nxe5 Nxe5 5. d4 Ng6 6. e5 Ng8 7. Bc4 c6 8.
Qf3 d5 9. exd6 Be6 10. Bxe6 fxe6 11. Ne4 Bxd6 12. Bg5 N8e7 13. O-O-O Qd7 14.
Nc5 Bxc5 15. dxc5 Qc7 16. Rhe1 e5 17. h4 Rf8 18. Qe4 Rd8 19. h5 Rxd1+ 20. Rxd1
Nf4 21. Qxh7 Ne6 22. Be3 Nd5 23. Qe4 Nxe3 24. Qxe3 Rf7 25. Rd6 Rf5 26. g4 Rg5
27. Rxe6+ Kf7 28. Qxg5 Kxe6 29. c4 Qa5 30. Qf5+ Ke7 31. Qxe5+ Kf7 32. Kb1 Qd2
33. Qc7+ Kf6 34. Qd6+ {Time forfeit} 1-0

[Event "Rated Blitz game"]
[Site "?"]
[Date "2021.06.21"]
[Round "?"]
[White "lord_barre"]
[Black "ZenModeChess"]
[Result "0-1"]
[ECO "C46"]
[WhiteElo "2409"]
[BlackElo "2453"]
[PlyCount "40"]
[EventDate "2021.??.??"]
[EventType "blitz"]
[TimeControl "180"]

1. e4 e5 2. Nf3 Nc6 3. Nc3 Nf6 4. Nxe5 Nxe5 5. d4 Bb4 6. dxe5 Nxe4 7. Qg4 Nxc3
8. Qxg7 Rf8 9. a3 Na2+ 10. axb4 Nxc1 11. Rxc1 Qe7 12. c3 d6 13. f4 dxe5 14.
fxe5 Bf5 15. Rd1 Qh4+ 16. Ke2 Bg4+ 17. Ke3 Bxd1 18. Bb5+ c6 19. Rxd1 cxb5 20.
g3 Qe7 {Normal} 0-1

[Event "Rated Blitz game"]
[Site "?"]
[Date "2021.06.21"]
[Round "?"]
[White "kpa74"]
[Black "sodon84"]
[Result "0-1"]
[ECO "C46"]
[WhiteElo "2352"]
[BlackElo "2430"]
[PlyCount "98"]
[EventDate "2021.??.??"]
[EventType "blitz"]
[TimeControl "180+2"]

1. e4 e5 2. Nf3 Nc6 3. Nc3 Nf6 4. Nxe5 Nxe5 5. d4 Ng6 6. e5 Ng8 7. Bc4 d6 8.
Qf3 Qd7 9. O-O Qf5 10. Bb5+ Kd8 11. Qe2 Qg4 12. Qe3 Nh4 13. g3 Nf3+ 14. Kh1 Qh5
15. h4 Qg4 16. Kg2 Nxh4+ 17. Kg1 Nf3+ 18. Kg2 Qh3+ 19. Kxf3 Bg4+ 20. Ke4 f5+
21. Kd5 Ne7+ 22. Kc4 Qxf1+ 23. Kb3 Qh1 24. a4 a6 25. Bc4 Nc6 26. Ka2 Qf3 27.
exd6 Qxe3 28. dxc7+ Kxc7 29. Bxe3 Nb4+ 30. Kb3 Bd6 31. Nd5+ Nxd5 32. Bxd5 Rhe8
33. c4 f4 34. gxf4 Be6 35. Bxe6 Rxe6 36. Rg1 Bf8 37. f5 Re4 38. Rh1 h6 39. Rh5
Rae8 40. d5 Rxe3+ 41. fxe3 Rxe3+ 42. Kc2 Rg3 43. b3 Rg5 44. Rxg5 hxg5 45. Kd3
a5 46. Kd4 b6 47. Ke4 Bd6 48. Kf3 Be5 49. Kg4 Bf6 {Normal} 0-1

[Event "Rated Blitz game"]
[Site "?"]
[Date "2021.06.21"]
[Round "?"]
[White "Pernambuquinho"]
[Black "gg-gm-gmg"]
[Result "0-1"]
[ECO "C46"]
[WhiteElo "2499"]
[BlackElo "2700"]
[PlyCount "20"]
[EventDate "2021.??.??"]
[EventType "blitz"]
[TimeControl "180"]

1. e4 Nf6 2. Nc3 e5 3. Nf3 Nc6 4. Nxe5 Nxe5 5. d4 Ng6 6. e5 Ng8 7. Bc4 d6 8. f4
c6 9. O-O Nh6 10. Qh5 Bg4 {Normal} 0-1

[Event "Rated Blitz game"]
[Site "?"]
[Date "2021.06.21"]
[Round "?"]
[White "khalid_ontawar"]
[Black "RomanovRG"]
[Result "1-0"]
[ECO "C46"]
[WhiteElo "2474"]
[BlackElo "2404"]
[PlyCount "127"]
[EventDate "2021.??.??"]
[EventType "blitz"]
[TimeControl "180"]

1. e4 e5 2. Nc3 Nc6 3. Nf3 Nf6 4. Nxe5 Nxe5 5. d4 Ng6 6. e5 Ng8 7. Bc4 d5 8.
Bxd5 Bb4 9. Qf3 Bxc3+ 10. bxc3 Be6 11. Bxb7 Rb8 12. Ba3 N8e7 13. O-O O-O 14.
Rad1 Re8 15. d5 Nxd5 16. Bxd5 Bxd5 17. Rxd5 Nxe5 18. Qe4 f5 19. Qd4 Qf6 20. f4
Ng4 21. Qxf6 Nxf6 22. Rxf5 Re2 23. Bb4 Rd8 24. Re5 Rxc2 25. a3 Rdd2 26. Rg5 Ne4
27. Rg4 h5 28. Rh4 Rxg2+ 29. Kh1 c5 30. Ba5 Nf6 31. f5 Kh7 32. Bd8 Kh6 33. Bxf6
gxf6 34. Rg1 Rxg1+ 35. Kxg1 Rxc3 36. Ra4 Kg5 37. Rxa7 Kxf5 38. Kf2 Kf4 39. Ke2
Rc2+ 40. Kd3 Rxh2 41. a4 Ra2 42. Kc3 h4 43. Kb3 Re2 44. a5 Re1 45. Rh7 Kg3 46.
Kb2 h3 47. a6 Re8 48. a7 Ra8 49. Rg7+ Kf3 50. Rh7 Kg2 51. Rg7+ Kh1 52. Rh7 h2
53. Rg7 Rxa7 54. Rxa7 Kg1 55. Rg7+ Kf1 56. Rh7 Kg1 57. Rg7+ Kh1 58. Kc2 f5 59.
Kd2 c4 60. Ke2 c3 61. Kf2 c2 62. Rc7 f4 63. Rxc2 f3 64. Rc1# {Normal} 1-0

[Event "Rated Blitz game"]
[Site "?"]
[Date "2021.06.21"]
[Round "?"]
[White "khalid_ontawar"]
[Black "kichot78"]
[Result "0-1"]
[ECO "C46"]
[WhiteElo "2470"]
[BlackElo "2587"]
[PlyCount "32"]
[EventDate "2021.??.??"]
[EventType "blitz"]
[TimeControl "180"]

1. e4 e5 2. Nc3 Nf6 3. Nf3 Nc6 4. Nxe5 Nxe5 5. d4 Ng6 6. e5 Ng8 7. Bc4 d5 8.
Bxd5 N8e7 9. Bb3 Nf5 10. Be3 c5 11. O-O cxd4 12. Nd5 dxe3 13. fxe3 Bc5 14. Qf3
O-O 15. Kh1 Nxe5 16. Qg3 Nxg3+ {Normal} 0-1

[Event "Rated Blitz game"]
[Site "?"]
[Date "2021.06.21"]
[Round "?"]
[White "Barretts_Gambiteer"]
[Black "lancemarx1"]
[Result "0-1"]
[ECO "C46"]
[WhiteElo "2260"]
[BlackElo "2400"]
[PlyCount "60"]
[EventDate "2021.??.??"]
[EventType "blitz"]
[TimeControl "180"]

1. e4 e5 2. Nf3 Nc6 3. Nc3 Nf6 4. Nxe5 Nxe5 5. d4 Ng6 6. e5 Ng8 7. Bc4 d5 8.
Bxd5 Bb4 9. Qf3 Be6 10. Bxb7 Rb8 11. Bc6+ Kf8 12. O-O Bxc3 13. bxc3 N6e7 14.
Ba3 g6 15. d5 Bf5 16. d6 cxd6 17. exd6 Nxc6 18. Qxc6 Kg7 19. c4 Nf6 20. Rab1
Be4 21. Qa6 Qd7 22. Bb2 Rb6 23. Qa3 Rxd6 24. c5 Rd5 25. Qc3 Qf5 26. f3 Bxc2 27.
Rbc1 Rxc5 28. Qxf6+ Qxf6 29. Bxf6+ Kxf6 30. Rf2 Rhc8 {Normal} 0-1

[Event "Rated Blitz game"]
[Site "?"]
[Date "2021.06.21"]
[Round "?"]
[White "kpa74"]
[Black "vladakolic"]
[Result "0-1"]
[ECO "C46"]
[WhiteElo "2352"]
[BlackElo "2452"]
[PlyCount "132"]
[EventDate "2021.??.??"]
[EventType "blitz"]
[TimeControl "180+2"]

1. e4 e5 2. Nf3 Nc6 3. Nc3 Nf6 4. Nxe5 Nxe5 5. d4 Ng6 6. e5 Ng8 7. Bc4 d5 8.
Bxd5 c6 9. Bb3 Be6 10. O-O N8e7 11. Ne4 Nf5 12. c3 Be7 13. g4 Nfh4 14. f4 Bd5
15. Qe2 Qb6 16. Bxd5 cxd5 17. Ng3 f6 18. f5 Nxe5 19. Kh1 Nc6 20. Nh5 O-O 21.
Qf2 Qa6 22. Be3 Qd3 23. Rae1 Qe4+ 24. Kg1 Qxg4+ 25. Ng3 Rae8 26. Qf4 Qh3 27.
Rf2 Bd8 28. Qd6 Re7 29. Qxd5+ Kh8 30. Bd2 Rxe1+ 31. Bxe1 Bc7 32. Re2 g6 33.
fxg6 hxg6 34. Qe4 Kg7 35. Qe3 Rf7 36. Qf2 Ne7 37. c4 Nef5 38. Nxf5+ Nxf5 39.
Bc3 Nh4 40. Re3 Qg4+ 41. Kh1 Bf4 42. Re1 g5 43. Rg1 Qh3 44. d5 Kg6 45. Qxf4 Nf3
46. Qg3 Nxg1 47. Kxg1 Qxg3+ 48. hxg3 Re7 49. Kf2 Kf5 50. b3 Re4 51. Kf3 g4+ 52.
Kf2 Kg6 53. Bd2 Rd4 54. Bf4 f5 55. d6 Kf6 56. Ke3 Re4+ 57. Kd3 Ke6 58. c5 Kd7
59. Kc3 a5 60. a3 Kc6 61. b4 axb4+ 62. axb4 b5 63. Kb3 Rc4 64. Be5 Re4 65. Bf4
Rxf4 66. gxf4 g3 {Normal} 0-1

[Event "Rated Blitz game"]
[Site "?"]
[Date "2021.06.21"]
[Round "?"]
[White "forbiddencheapos"]
[Black "GloriousJingongo"]
[Result "0-1"]
[ECO "C46"]
[WhiteElo "2383"]
[BlackElo "2465"]
[PlyCount "72"]
[EventDate "2021.??.??"]
[EventType "blitz"]
[TimeControl "300"]

1. e4 e5 2. Nf3 Nc6 3. Nc3 Nf6 4. Nxe5 Nxe5 5. d4 Ng6 6. e5 Bb4 7. exf6 Qxf6 8.
Be2 O-O 9. O-O c6 10. Ne4 Qh4 11. Bf3 h6 12. c3 d5 13. Ng3 Bd6 14. Re1 Bd7 15.
Qd3 f5 16. Nf1 Rae8 17. Bd2 Qf6 18. Bh5 Rxe1 19. Rxe1 Nf4 20. Bxf4 Bxf4 21. Bd1
Bd6 22. Bc2 h5 23. Qe2 g6 24. Qf3 Kf7 25. g3 h4 26. Ne3 Qg5 27. Nxd5 Qd2 28.
Re2 Qc1+ 29. Kg2 h3+ 30. Kxh3 Qf1+ 31. Kh4 Rh8+ 32. Kg5 Qh3 33. Re7+ Bxe7+ 34.
Kf4 Qh6+ 35. Ke5 Qg7+ 36. Kf4 Bg5+ {Normal} 0-1

[Event "Rated Blitz game"]
[Site "?"]
[Date "2021.06.20"]
[Round "?"]
[White "Pepeoutai"]
[Black "perceval94"]
[Result "1-0"]
[ECO "C46"]
[WhiteElo "2417"]
[BlackElo "2329"]
[PlyCount "34"]
[EventDate "2021.??.??"]
[EventType "blitz"]
[TimeControl "180+2"]

1. e4 e5 2. Nf3 Nc6 3. Nc3 Nf6 4. Nxe5 Nxe5 5. d4 Nc6 6. d5 Nb8 7. e5 Ng8 8. d6
cxd6 9. exd6 Qb6 10. Nb5 Na6 11. Bc4 Qc5 12. Qd3 b6 13. Be3 Qb4+ 14. c3 Qxb2
15. O-O Bb7 16. Rab1 Nc5 17. Bxc5 Qxb1 {Normal} 1-0

[Event "Rated Blitz game"]
[Site "?"]
[Date "2021.06.20"]
[Round "?"]
[White "Pepeoutai"]
[Black "ramocop"]
[Result "1-0"]
[ECO "C46"]
[WhiteElo "2402"]
[BlackElo "2259"]
[PlyCount "35"]
[EventDate "2021.??.??"]
[EventType "blitz"]
[TimeControl "180+2"]

1. e4 e5 2. Nf3 Nc6 3. Nc3 Nf6 4. Nxe5 Nxe5 5. d4 Ng6 6. e5 d6 7. exf6 Qxf6 8.
Be2 c6 9. O-O Be7 10. d5 O-O 11. Be3 Ne5 12. dxc6 bxc6 13. Ne4 Qg6 14. Ng3 h6
15. Bd4 Be6 16. f4 Ng4 17. f5 Bxf5 18. Nxf5 {Normal} 1-0

[Event "Rated Blitz tournament xrqXcqhg"]
[Site "?"]
[Date "2021.06.20"]
[Round "?"]
[White "Pepeoutai"]
[Black "Robin_Good_chess"]
[Result "0-1"]
[ECO "C46"]
[WhiteElo "2410"]
[BlackElo "2400"]
[PlyCount "84"]
[EventDate "2021.??.??"]
[EventType "blitz"]
[TimeControl "180"]

1. e4 e5 2. Nf3 Nc6 3. Nc3 Nf6 4. Nxe5 Nxe5 5. d4 Nc6 6. d5 Nb8 7. e5 Ng8 8. d6
Nc6 9. Nb5 Qh4 10. Nxc7+ Kd8 11. Nxa8 Nxe5 12. Be2 Qb4+ 13. c3 Qxd6 14. Bf4
Qxd1+ 15. Rxd1 f6 16. Be3 b6 17. Nxb6 axb6 18. Bxb6+ Ke8 19. O-O Bb7 20. a4 Ne7
21. a5 Nd5 22. a6 Bxa6 23. Bxa6 Nxb6 24. Rfe1 Kd8 25. Bb5 Kc7 26. Ra1 Nc6 27.
Bxc6 Kxc6 28. Re8 g6 29. Ra6 Bg7 30. Rxh8 Bxh8 31. Kf1 f5 32. Ke2 Be5 33. g3 f4
34. Ra5 d6 35. Ra7 fxg3 36. fxg3 h5 37. Re7 Kd5 38. Kd3 Nc4 39. b3 Na5 40. c4+
Kc5 41. Kc2 Nc6 42. Kd3 Nxe7 {Normal} 0-1